 Dungeon Crawl Stone Soup version 0.32-a0-433-g08bcfe7efd (webtiles) character file.

Game seed: 8412877220144826513

1060 BubbleThief the Covert (level 8, -9/50 HPs)
             Began as a Kobold Brigand on Feb 22, 2024.
             Was an Elder of Uskayaw.
             Mangled by a two-headed ogre
             ... wielding a +0 giant club
              (19 damage)
             ... on level 6 of the Dungeon.
             The game lasted 00:09:09 (5723 turns).

BubbleThief the Covert (Kobold Brigand)             Turns: 5723, Time: 00:09:09

Health: -9/50      AC:  8    Str:  9    XL:     8   Next: 52%
Magic:  1/8        EV: 17    Int: 12    God:    Uskayaw [****..]
Gold:   229        SH:  0    Dex: 18    Spells: 7/7 levels left

rFire   . . .        a - +2 dagger
rCold   + + +        (no shield)
rNeg    . . .        k - +4 skin of Zhor {*Englaciate rC+++ SInv}
rPois   .            f - +0 helmet
rElec   .            c - +0 cloak
rCorr   .            (no gloves)
SInv    +            (no boots)
Will    .....        (no amulet)
Stlth   +++++        l - ring of wizardry
HPRegen 0.28/turn    (no ring)
MPRegen 0.11/turn

%: wizardry (x1)
@: no status effects
A: small, no large weapons, nightstalker 3
a: Renounce Religion, Stomp, Line Pass


You were on level 6 of the Dungeon.
You worshipped Uskayaw.
Uskayaw was noncommittal.
You visited 2 branches of the dungeon, and saw 7 of its levels.

You collected 229 gold pieces.

Inventory:

Hand Weapons
 a - a +2 dagger (weapon)
Missiles
 d - 10 poisoned darts (quivered)
 e - 2 curare-tipped darts
Armour
 c - a +0 cloak (worn)
 f - a +0 helmet (worn)
 k - the +4 skin of Zhor (worn) {*Englaciate rC+++ SInv}
   (You found it on level 2 of the Dungeon)

   *Englaciate: It radiates cold, occasionally slowing all nearby creatures who
   are not resistant to cold.
   rC+++:     It renders you almost immune to cold.
   SInv:      It lets you see invisible.
Jewellery
 l - a ring of wizardry (left hand)
 n - a ring of flight
 o - a ring of magical power
Wands
 m - a wand of charming (9)
Scrolls
 b - a scroll of silence {unknown}
 g - 5 scrolls of identify {unknown}
 i - 3 scrolls of vulnerability {unknown}
 j - 2 scrolls of enchant weapon {unknown}
 p - a scroll of noise {unknown}
Potions
 h - a potion of haste {unknown}


   Skills:
 + Level 5.4 Fighting
 + Level 6.7 Short Blades
 - Level 2.1 Throwing
 + Level 5.6 Dodging
 + Level 8.6 Stealth


You had 7 spell levels left.
You didn't know any spells.
Your spell library contained the following spells:

 Spells                   Type           Power      Damage    Failure   Level
 Freeze                   Ice            0%         1d3       13%         1
 Sandblast                Erth           0%         2d4       13%         1
 Summon Small Mammal      Summ           0%         N/A       13%         1
 Dazzling Flash           Conj/Hex       0%         N/A       36%         3
 Frozen Ramparts          Ice            0%         1d1       36%         3
 Hailstorm                Conj/Ice       0%         3d5       36%         3
 Volatile Blastmotes      Fire/Tloc      0%         2d10      36%         3
 Animate Dead             Necr           0%         N/A       75%         4
 Passage of Golubria      Tloc           0%         N/A       75%         4
 Borgnjor's Vile Clutch   Necr/Erth      0%         N/A       97%         5
 Silence                  Hex/Air        0%         N/A       97%         5
 Summon Forest            Summ/Tloc      0%         N/A       97%         5
 Bombard                  Conj/Erth      0%         9d1       100%        6
 Death Channel            Necr           0%         N/A       100%        6
 Starburst                Conj/Fire      0%         6d3       100%        6
 Malign Gateway           Summ/Tloc      0%         N/A       100%        7
 Lehudib's Crystal Spear  Conj/Erth      0%         10d2      100%        8
 Maxwell's Capacitive Co  Air            0%         ∞         100%        8


Dungeon Overview and Level Annotations

Branches:
Dungeon (6/15)             Temple (1/1) D:4

Altars:
Ashenzari
Cheibriados
Dithmenos
Elyvilon
Fedhas
Gozag
Hepliaklqana
Kikubaaqudgha
Makhleb
Nemelex Xobeh
Okawaru
Qazlal
Trog
Uskayaw
Vehumet
Xom
Yredelemnul
Zin
The Shining One

Annotations:
D:4 3 runed translucent doors, MrSquiggles's ghost, novice MDFi


Innate Abilities, Weirdness & Mutations

You are small and have problems with some larger weapons.
You are completely attuned to the shadows.


Message History

Press: ? - help, Dir - move target The two-headed ogre appears confused.
The two-headed ogre closely misses you. The two-headed ogre barely misses you.
The two-headed ogre barely misses itself.
The two-headed ogre hits itself with a +0 giant club.
Unknown command.
Unknown command.
Unknown command.
You catch the helpless two-headed ogre completely off-guard!
You impale the two-headed ogre!!
The two-headed ogre is heavily wounded.
Uskayaw will force your foes to helplessly watch your dance.
Unknown command.
You hit the two-headed ogre.
The two-headed ogre is heavily wounded.
The two-headed ogre seems less confused.
The gnoll hits you from afar with a +0 spear.
Unknown command.
You hit the two-headed ogre.
The two-headed ogre is severely wounded.
Unknown command.
You don't have enough magic at the moment.
You barely miss the two-headed ogre.
The two-headed ogre is severely wounded.
The gnoll closely misses you.
You hit the two-headed ogre.
The two-headed ogre is severely wounded.
The two-headed ogre misses you. The two-headed ogre closely misses you.
Uskayaw will force your foes to share their pain.
You hit the two-headed ogre.
The two-headed ogre is severely wounded.
Okay, then.
You hit the two-headed ogre.
The two-headed ogre is severely wounded.
The gnoll hits you from afar with a +0 spear!
The two-headed ogre hits you with a +0 giant club!
* * * LOW HITPOINT WARNING * * *
The two-headed ogre hits you with a +0 giant club!!
You die...
Your body falls in perfect tune with the rhythm.

## #.#
...#.#
##.#.####
.........
.#.#@##
....Og##
##.#g).#
#.#.#...
# #.####
.. #)#
... #)#
...##.#
......#


You could see a two-headed ogre and 2 gnolls.

Vanquished Creatures
  Duvessa (D:5)
  A black bear (D:5)
  3 phantoms
  Dowan (D:5)
  2 bombardier beetles
  A gnoll bouda (D:6)
  Crazy Yiuf (D:2)
  2 iguanas (D:5)
  Jessica (D:2)
  2 sleepcaps (D:5)
  4 orc wizards
  Robin (D:3)
  6 gnolls
  9 adders
  2 ufetubi (D:5)
  2 ribbon worms
  11 orcs
  4 bats
  2 endoplasms
  3 giant cockroaches
  10 goblins
  7 hobgoblins
  4 jackals (D:1)
  4 kobolds
  7 ball pythons
  3 frilled lizards
  4 rats
98 creatures vanquished.

Notes
Turn   | Place    | Note
-------+----------+-------------------------------------------
     0 | D:1      | BubbleThief the Kobold Brigand began the quest for the Orb.
     0 | D:1      | Reached XP level 1. HP: 12/12 MP: 1/1
    99 | D:1      | Reached XP level 2. HP: 18/18 MP: 2/2
   944 | D:1      | Reached XP level 3. HP: 19/22 MP: 3/3
  1114 | D:2      | Noticed Jessica
  1116 | D:2      | Killed Jessica
  1195 | D:2      | Reached XP level 4. HP: 27/27 MP: 4/4
  1599 | D:2      | Found the +4 skin of Zhor {*Englaciate rC+++ SInv}
  1668 | D:2      | Reached skill level 6 in Stealth
  2019 | D:2      | Found a runed translucent door.
  2022 | D:2      | Noticed Crazy Yiuf
  2041 | D:2      | Killed Crazy Yiuf
  2203 | D:3      | HP: 1/28 [orc wizard/magic dart (5)]
  2211 | D:3      | Reached XP level 5. HP: 3/32 MP: 5/5
  2212 | D:3      | HP: 1/32 [orc wizard/+0 dagger (2)]
  2224 | D:3      | HP: 1/32 [orc wizard/magic dart (3)]
  2447 | D:3      | Identified the +1 sling "Guesh" {heavy, rElec rF+ Dex-4}
  2570 | D:3      | Found an opulent altar of Gozag.
  2662 | D:3      | Noticed a phantom
  2890 | D:4      | Reached XP level 6. HP: 27/37 MP: 6/6
  3096 | D:4      | Found a runed translucent gate.
  3097 | D:4      | Found a runed translucent gate.
  3098 | D:4      | Found a runed translucent gate.
  3106 | D:4      | Noticed MrSquiggles's ghost (novice MDFi)
  3189 | D:4      | Found a staircase to the Ecumenical Temple.
  3195 | Temple   | Entered the Ecumenical Temple
  3839 | D:3      | Reached skill level 7 in Stealth
  3879 | D:3      | Reached skill level 5 in Short Blades
  3902 | D:3      | Reached XP level 7. HP: 5/43 MP: 7/7
  3953 | D:3      | Noticed Robin
  3963 | D:3      | Killed Robin
  4388 | D:3      | Found a hide-covered altar of Uskayaw.
  4393 | D:3      | Became a worshipper of Uskayaw the Reveller
  4449 | D:3      | Found a sparkling altar of Nemelex Xobeh.
  4479 | D:3      | Reached * piety under Uskayaw
  4480 | D:3      | Found a glowing silver altar of Zin.
  4652 | D:5      | Entered Level 5 of the Dungeon
  4684 | D:4      | Reached ** piety under Uskayaw
  4752 | D:5      | Reached *** piety under Uskayaw
  4996 | D:5      | Noticed Dowan
  5000 | D:5      | Noticed Duvessa
  5026 | D:5      | Killed Duvessa
  5027 | D:5      | Reached skill level 5 in Fighting
  5027 | D:5      | Reached skill level 5 in Dodging
  5027 | D:5      | Reached skill level 8 in Stealth
  5027 | D:5      | Reached XP level 8. HP: 23/49 MP: 8/8
  5042 | D:5      | Killed Dowan
  5239 | D:5      | Got the Vademecum on the Iron Retinue
  5252 | D:5      | Found a broken altar of Ashenzari.
  5399 | D:5      | Found a radiant altar of Vehumet.
  5703 | D:6      | Reached **** piety under Uskayaw
  5710 | D:6      | Noticed a two-headed ogre
  5723 | D:6      | Mangled by a two-headed ogre

Illustrated notes

Levels and vault maps discovered:
D:1:      lemuel_arrival_funnel, layout_basic, serial_forest,
          infiniplex_forest_lined_2, infiniplex_forest_clump_medium,
          infiniplex_forest_end_2, infiniplex_forest_clump_long,
          infiniplex_forest_end_2, infiniplex_forest_clump_medium,
          infiniplex_forest_clump_curved, infiniplex_forest_straight_2
D:2:      layout_loops_corners, uniq_crazy_yiuf_cottage, uniq_jessica
D:3:      layout_basic, nicolae_gozag_seed_capital,
          amethyst_overflow_temple_binary, mainiacjoe_overflow_alcove_2,
          minmay_large_rounded_square, st_stairs_9, uniq_robin
D:4:      layout_loops_cross, minmay_temple_entry_statues_fountains,
          gammafunk_ghost_nasty_kobolds
D:5:      layout_rooms, fiery_altar_vehumet, mainiacjoe_overflow_paths,
          hellmonk_no_cap, uniq_duvessa
D:6:      layout_basic, minmay_misc_feat_roman, minmay_misc_feat_columns
Temple:   hellmonk_temple_forest_ring

Skill      XL: |  1  2  3  4  5  6  7 |
---------------+----------------------+-----
Short Blades   | 3 4 5 6 |  6.7
Dodging        | 2 3 4 5 |  5.6
Fighting       | 3 4 5 |  5.4
Stealth        | 6 7 8 |  8.6
Throwing       | |  2.1

Action                     |  1- 3 |  4- 6 |  7- 9 || total
---------------------------+-------+-------+-------++-------
  Melee: Dagger            |    45 |   267 |   298 ||   610
  Throw: Dart              |       |     9 |     8 ||    17
 Invoke: Line Pass         |       |       |     2 ||     2
    Use: Potion            |       |     3 |       ||     3
   Stab: Sleeping          |    13 |    12 |     9 ||    34
         Distracted        |       |     1 |     2 ||     3
         Paralysed         |       |       |     2 ||     2
         Confused          |       |       |     1 ||     1
 Armour: Robe              |    17 |       |       ||    17
         Animal skin       |       |    92 |    99 ||   191
  Dodge: Dodged            |    33 |   117 |   164 ||   314

Table legend: (Time is in decaauts)
 A = Elapsed time spent in this place.
 B = Non-inter-level travel time spent in this place.
 C = Inter-level travel time spent in this place.
 D = Time resting spent in this place.
 E = Time spent auto-exploring this place.
 F = Levels seen in this place.
 G = Mean time per level.
                   A        B        C        D        E       F      G
               +--------+--------+--------+--------+--------+-----+--------+
         Total |   5567 |   5418 |    149 |    166 |   4135 |   7 |  795.3 |
       Dungeon |   5565 |   5416 |    149 |    166 |   4135 |   6 |  927.5 |
        Temple |      1 |      1 |      0 |      0 |      0 |   1 |    1.0 |
               +--------+--------+--------+--------+--------+-----+--------+

Top non-repeatable levels by time:
     D:3: 1479 daAuts
     D:1: 1107 daAuts
     D:2: 1039 daAuts
     D:4: 958 daAuts
     D:5: 897 daAuts
     D:6: 82 daAuts
  Temple: 1 daAuts
